AoeStats
← TheWalker6055

Four Lakes

509267134Analyzed
1v1 RM · 6d ago on Sep 26, 2026· 82m 52s· 2 players
Game mode
Random Map
Map size
Tiny (2 player)
Population
200
Speed
Normal
Resources
Standard
Victory
Conquest
Starting age
Dark Age
Ending age
Imperial Age
RankedLock teamsTeams togetherTeam positionsShared explorationLock speedFull tech treeHidden civsTurbo modeCheats
Victory
Defeat
🇮🇳 Celts · India
785
+15
🇯🇵 Burgundians · Japan
772
-15
Tkfm
2:46 Loom
11:18 Wheelbarrow
11:34 Double-Bit Axe
11:33 Fishing Lines
13:31 Feudal Age
14:34 Hand Cart
14:07 Town Watch
14:17 Gold Mining
14:37 Man-at-Arms
22:28 Castle Age
21:02 Stone Mining
21:47 Gold Shaft Mining
23:44 Gillnets
24:32 Town Patrol
27:55 Pikeman
29:55 Fletching
31:18 Murder Holes
36:03 Imperial Age
34:12 Stone Shaft Mining
35:20 Bodkin Arrow
35:50 Ballistics
35:42 Masonry
41:08 Chemistry
40:40 Architecture
41:00 Guilds
45:33 Hoardings
46:34 Capped Ram
48:40 Fervor
48:51 Sanctity
48:32 Atonement
51:13 Bracer
53:26 Cavalier
56:21 Forging
56:31 Halberdier
58:43 Scale Mail Armor
75:54 Arrowslits
76:00 Guard Tower
75:52 Treadmill Crane
TheWalker6055
0:30 Loom
13:57 Feudal Age
14:16 Man-at-Arms
14:42 Arson
16:13 Wheelbarrow
15:24 Town Watch
15:25 Double-Bit Axe
15:32 Gold Mining
15:42 Horse Collar
16:52 Fishing Lines
20:24 Stone Mining
23:36 Castle Age
21:47 Forging
21:38 Scale Mail Armor
22:31 Scale Barding Armor
22:16 Fletching
22:26 Padded Archer Armor
25:23 Stone Shaft Mining
25:02 Heavy Plow
25:53 Gold Shaft Mining
27:32 Hand Cart
27:20 Town Patrol
30:36 Stronghold
32:01 Husbandry
36:10 Imperial Age
34:07 Bow Saw
36:30 Capped Ram
40:27 Cavalier
44:13 Iron Casting
43:53 Chain Mail Armor
44:01 Pikeman
44:01 Long Swordsman
44:27 Gambesons
46:19 Halberdier
46:21 Two-Handed Swordsman
48:46 Paladin
54:05 Siege Engineers
55:56 Siege Ram
61:02 Champion
71:27 Heavy Scorpion
71:30 Onager
76:01 Guilds
76:38 Guilds
Connection lost

Rejoining the realm…

Still unreachable

The connection could not be restored.

Session expired

The server has moved on; the page needs a fresh start.